 Dungeon Crawl Stone Soup version 0.27.1-35-g4d5d836560 (webtiles) character file.

Game seed: 17519950698774172154

5051 Delamore the Covert (level 10, -5/68 HPs)
             Began as an Octopode Brigand on Apr 17, 2022.
             Was an Initiate of Gozag.
             Shot with an arrow by a centaur warrior (23 damage)
             ... on level 9 of the Dungeon.
             The game lasted 00:10:49 (9337 turns).

Delamore the Covert (Octopode Brigand)              Turns: 9337, Time: 00:10:50

Health: -5/68      AC:  9    Str: 17    XL:     10   Next: 56%
Magic:  10/10      EV: 15    Int: 14    God:    Gozag
Gold:   636        SH:  0    Dex: 16    Spells: 9/9 levels left

rFire    . . .     SeeInvis .   d - +2 dagger (drain)
rCold    . . .     Faith    .   (no shield)
rNeg     . . .     Spirit   .   (helmet restricted)
rPois    .         Reflect  .   (no amulet)
rElec    .         Harm     .   f - +4 ring of protection
rCorr    .         Rampage  .   p - +6 ring of strength
Will     .....                  z - +4 ring of protection
Stlth    ++++++....             G - ring of flight
HPRegen  0.21/turn              (no ring)
MPRegen  0.12/turn              (no ring)
                                (no ring)
                                (no ring)

@: flying
A: almost no armour, amphibious, 8 rings, camouflage 1, gelatinous body 1,
(nimble swimmer 1), tentacles
a: Renounce Religion, Potion Petition, Call Merchant, Bribe Branch


You were on level 9 of the Dungeon.
You worshipped Gozag.
Gozag was pleased with you.
You visited 2 branches of the dungeon, and saw 10 of its levels.

You collected 831 gold pieces.
You spent 117 gold pieces at shops.
You paid 78 gold pieces to Gozag.

Inventory:

Hand Weapons
 a - a +2 dagger
 c - a +1 vampiric dagger
 d - a +2 dagger of draining (weapon)
 E - the +1 dagger "Zavif" {vorpal, rC- Dex+5}
   (You found it on level 6 of the Dungeon)

   It inflicts extra damage upon your enemies.
   Dex:       It affects your dexterity (+5).
   rC:        It makes you vulnerable to cold.
Missiles
 b - 23 poisoned darts (quivered)
 h - 10 javelins
 x - 3 curare-tipped darts
 I - 5 boomerangs
Jewellery
 f - a +4 ring of protection (left tentacle)
 p - a +6 ring of strength (right tentacle)
 z - a +4 ring of protection (on tentacle)
 G - a ring of flight (on tentacle)
Wands
 u - a wand of flame (29)
 y - a wand of iceblast (6)
 B - a wand of polymorph (4)
 F - a wand of charming (6)
 H - a wand of digging (7)
Scrolls
 e - a scroll of summoning
 g - 2 scrolls of blinking
 i - a scroll of immolation
 n - 2 scrolls of magic mapping
 q - 3 scrolls of noise
 s - 2 scrolls of teleportation
 v - 4 scrolls of enchant weapon
 C - 2 scrolls of enchant armour
Potions
 j - 2 potions of curing
 k - 4 potions of invisibility {unknown}
 l - 2 potions of flight {unknown}
 m - 3 potions of might
 o - a potion of degeneration {unknown}
 r - a potion of heal wounds
 w - a potion of cancellation {unknown}
 A - 2 potions of magic {unknown}
 D - 3 potions of haste {unknown}


   Skills:
 + Level 5.9 Fighting
 - Level 10.0 Short Blades
 - Level 5.0 Throwing
 - Level 5.0 Dodging
 + Level 11.1 Stealth
 + Level 3.6 Evocations


You had 9 spell levels left.
You didn't know any spells.
Your spell library contained the following spells:

 Spells                   Type           Power      Damage    Failure   Level
 Sandblast                Erth           0%         2d4       28%         1
 Passwall                 Tmut/Erth      0%         N/A       41%         2
 Ignite Poison            Fire/Tmut/Pois 0%         N/A       65%         3
 Mephitic Cloud           Conj/Pois/Air  0%         N/A       65%         3
 Portal Projectile        Hex/Tloc       0%         N/A       65%         3
 Stone Arrow              Conj/Erth      0%         3d7       65%         3
 Blade Hands              Tmut           0%         N/A       100%        5
 Bolt of Magma            Conj/Fire/Erth 0%         4d4       100%        5
 Excruciating Wounds      Necr           0%         N/A       100%        5
 Lee's Rapid Deconstruct  Erth           0%         3d5*      100%        5
 Shatter                  Erth           0%         3d5*      100%        9


Dungeon Overview and Level Annotations

Branches:
Dungeon (9/15)             Temple (1/1) D:6             Orc (0/2) D:9
   Lair: D:8-11

Altars:
Ashenzari
Cheibriados
Dithmenos
Elyvilon
Fedhas
Gozag
Hepliaklqana
Kikubaaqudgha
Makhleb
Nemelex Xobeh
Okawaru
Qazlal
Ru
Sif Muna
Trog
Uskayaw
Vehumet
Wu Jian
Zin
The Shining One

Shops:
D:4 !   D:7 (


Innate Abilities, Weirdness & Mutations

You cannot wear most types of armour.
You are amphibious.
You can wear up to eight rings at the same time.
Your skin changes colour to match your surroundings (Stealth+).
Your rubbery body absorbs attacks. (AC +1, EV +1)
((You are camouflaged near water. (Stealth+)))
You have tentacles for arms and can constrict up to eight enemies at once.


Message History

You constrict the orc wizard.
You kill the orc wizard!
The centaur warrior wields a +1 longbow of freezing.
It is covered in frost.
The centaur warrior shoots an arrow.
The arrow hits you. The arrow freezes you.
Things that are here:
3 gold pieces; a +0 dagger; a +0 robe The centaur warrior shoots an arrow.
The arrow hits you!! The arrow freezes you.
The centaur warrior shoots an arrow.
The arrow hits you!!
* * * LOW HITPOINT WARNING * * *
The arrow freezes you!
* * * LOW HITPOINT WARNING * * *
You are too injured to fight recklessly!
You are too injured to fight recklessly!
You are too injured to fight recklessly!
You are too injured to fight recklessly!
You are too injured to fight recklessly!
You are too injured to fight recklessly!
Okay, then.
Aiming: Charm
Press: ? - help, Shift-Dir - straight line, f - centaur warrior
Aim: a centaur warrior, wielding a +1 longbow of freezing and quivering arrows (chance to affect: 38%)
Okay, then.
Okay, then.
As you read the scroll of fear, it crumbles to dust.
You assume a fearsome visage.
The centaur warrior looks frightened!
Things that are here:
3 gold pieces; a +0 dagger; a +0 robe
There is an open door here.
The centaur warrior shoots an arrow.
The arrow barely misses you.
The centaur warrior shoots an arrow.
The arrow barely misses you.
There is an open door here.
The centaur warrior shoots an arrow.
The arrow closely misses you.
You feel much better.
The centaur warrior shoots an arrow.
The arrow hits you!! The arrow freezes you.
* * * LOW HITPOINT WARNING * * *
The centaur warrior shoots an arrow.
The arrow hits you!!
You die...
Your body crumbles into a pile of gold.

..#....#........#.....# #.##.>.##
..#...##...##.###.....###.##...##
..#...##...##.######...##.#'###'#
..#...c............#?..#...## ##$
..#...##...........#..[..8.# #.
..#...##...........#...#...# #.
..#...##....########...##########
#.#...##...c#.....###'####.......
..#...#.....'...@.#......#.....$.
..'...#.....#.##..#......#.......
.c#...##..$.#.##..'......#.###..$
..#...##....#.##.$#......#.......
..#....#....#..)<.#......#....(..
..#...#######.....#......#.$$$...
..#...#############......###$####
..######.......................#
..######.......................#


You could see a centaur warrior.

Vanquished Creatures
  A wyvern (D:9)
  A shadow (D:9)
  6 yaks
  A water moccasin (D:5)
  Duvessa (D:6)
  2 ice beasts
  4 orc warriors
  A hornet zombie (D:4)
  A sky beast (D:6)
  An ogre (D:6)
  3 necrophages
  2 centaurs (D:7)
  A kobold brigand (D:8)
  5 bullfrogs
  A water moccasin zombie (D:7)
  3 scorpions
  A wyvern skeleton (D:7)
  A water moccasin skeleton (D:5)
  Dowan (D:6)
  4 wights (D:9)
  A howler monkey (D:9)
  A bullfrog zombie (D:6)
  4 centaur zombies
  4 hounds
  3 jellies
  6 orc priests
  Natasha (thrice) (D:2)
  3 iguanas
  10 orc wizards
  A gnoll (D:9)
  5 adders
  A howler monkey skeleton (D:6)
  A shadow imp (D:7)
  A white imp (D:8)
  An ufetubus (D:6)
  A worm (D:3)
  3 dart slugs
  42 orcs
  10 endoplasms
  10 goblins
  4 hobgoblins
  3 jackals (D:4)
  12 kobolds
  3 quokkas
  4 ball pythons
  6 frilled lizards
  A quokka skeleton (D:4)
  4 rats
189 creatures vanquished.

Notes
Turn   | Place    | Note
-------+----------+-------------------------------------------
     0 | D:1      | Delamore the Octopode Brigand began the quest for the Orb.
     0 | D:1      | Reached XP level 1. HP: 14/14 MP: 1/1
   209 | D:1      | Reached XP level 2. HP: 19/19 MP: 2/2
   760 | D:1      | Reached XP level 3. HP: 24/24 MP: 3/3
   849 | D:1      | Found a faded altar of an unknown god.
   867 | D:2      | Noticed Natasha
   870 | D:2      | Killed Natasha
   871 | D:2      | Reached skill level 6 in Stealth
  1057 | D:2      | Reached XP level 4. HP: 29/29 MP: 4/4
  1185 | D:2      | Noticed Natasha
  1191 | D:2      | Killed Natasha
  1280 | D:2      | Noticed Natasha
  1287 | D:2      | Killed Natasha
  1288 | D:2      | Reached XP level 5. HP: 32/34 MP: 5/5
  1722 | D:3      | Found a white marble altar of Elyvilon.
  2018 | D:3      | Found a snail-covered altar of Cheibriados.
  2052 | D:3      | Found a shimmering blue altar of Sif Muna.
  2301 | D:4      | Reached skill level 5 in Short Blades
  2301 | D:4      | Reached skill level 7 in Stealth
  2301 | D:4      | Reached XP level 6. HP: 9/39 MP: 6/6
  2740 | D:4      | Found Polist's Distillery.
  2745 | D:4      | Bought a potion of heal wounds for 65 gold pieces
  2745 | D:4      | Bought a potion of might for 52 gold pieces
  2960 | D:4      | Found a glowing golden altar of the Shining One.
  3069 | D:5      | Entered Level 5 of the Dungeon
  3082 | D:5      | Reached XP level 7. HP: 43/45 MP: 7/7
  3166 | D:5      | Reached skill level 8 in Stealth
  3538 | D:6      | Found a staircase to the Ecumenical Temple.
  3541 | D:6      | Noticed Dowan
  3544 | Temple   | Entered the Ecumenical Temple
  3784 | Temple   | Became a worshipper of Gozag Ym Sagoz the Greedy
  3825 | D:6      | Noticed Duvessa
  3831 | D:6      | Killed Dowan
  3843 | D:6      | Killed Duvessa
  3844 | D:6      | Reached skill level 9 in Stealth
  3844 | D:6      | Reached XP level 8. HP: 41/50 MP: 8/8
  4040 | D:6      | Found a hazy altar of Hepliaklqana.
  4277 | D:6      | Reached skill level 10 in Stealth
  4356 | D:6      | Identified the +1 dagger "Zavif" {vorpal, rC- Dex+5}
  5149 | D:7      | Reached XP level 9. HP: 54/54 MP: 9/9
  5311 | D:7      | Found a blossoming altar of Fedhas.
  5623 | D:7      | Found Tosanaut's Weapon Emporium.
  5663 | D:7      | Reached skill level 10 in Short Blades
  6511 | D:8      | Noticed a red ugly thing
  6822 | D:8      | Found a bloodstained altar of Trog.
  7036 | D:8      | Reached skill level 5 in Fighting
  7036 | D:8      | Reached skill level 5 in Throwing
  7036 | D:8      | Reached skill level 5 in Dodging
  7036 | D:8      | Reached XP level 10. HP: 39/66 MP: 10/10
  7322 | D:8      | Reached skill level 1 in Evocations
  8272 | D:9      | Found a staircase to the Orcish Mines.
  8799 | D:9      | Reached skill level 11 in Stealth
  9305 | D:9      | Noticed a centaur warrior
  9337 | D:9      | Shot with an arrow by a centaur warrior

Illustrated notes

Levels and vault maps discovered:
D:1:      lightli_arrival_lavapool, layout_loops_ring, basic_ecumenical_altar
D:2:      layout_basic, uniq_natasha
D:3:      layout_rooms, mainiacjoe_overflow_cross_hatched,
          kennysheep_slug_shrine, elyvilon_altar_5
D:4:      layout_basic, mainiacjoe_overflow_chevrons, serial_shops,
          kennysheep_little_box, minmay_misc_feat_chi
D:5:      layout_rooms
D:6:      kennysheep_six_static_rooms, layout_basic,
          mainiacjoe_overflow_alcove_1, minmay_temple_entry_grid, uniq_duvessa
D:7:      layout_loops_ring, fedhas_bush_and_centaur_altar, serial_shops,
          kennysheep_mini_moat, minmay_misc_feat_tower,
          minmay_tree_intersection, minmay_liquid_box
D:8:      layout_loops_ring, lemuel_doored_altar, minivault_23
D:9:      layout_stronghold, hiddenorc2_lemuel, chequers_serial_rivers_micro_d
Temple:   nicolae_temple_figure_eight

Skill      XL: |  1  2  3  4  5  6  7  8  9 10 |
---------------+-------------------------------+-----
Short Blades   | 3 4 5 6 7 9 10 | 10.0
Stealth        | 6 7 9 10 11 | 11.1
Dodging        | 5 |  5.0
Fighting       | 5 |  5.9
Throwing       | 5 |  5.0
Evocations     | 3 |  3.6

Action                   |  1- 3 |  4- 6 |  7- 9 | 10-12 || total
-------------------------+-------+-------+-------+-------++-------
Melee: Dagger            |    43 |    77 |   199 |   224 ||   543
       Constrict         |     5 |    16 |    23 |    39 ||    83
       Tentacles         |     5 |    14 |    61 |    65 ||   145
Throw: Dart              |       |       |    33 |    13 ||    46
       Javelin           |       |       |     8 |       ||     8
Evoke: Wand              |       |       |     1 |       ||     1
  Use: Scroll            |       |     6 |     3 |     1 ||    10
       Potion            |       |     1 |       |     1 ||     2
 Stab: Sleeping          |    15 |    21 |    16 |       ||    52
       Distracted        |       |     1 |     2 |     4 ||     7
Armor: Skin              |     3 |     8 |    45 |    27 ||    83
Dodge: Dodged            |    13 |    18 |   105 |    86 ||   222
